 Dungeon Crawl Stone Soup version 0.21.1-1-g345015fe64 (webtiles) character file.

19800 Lavandula the Thaumaturge (level 12, -3/91 HPs)
             Began as a Barachi Earth Elementalist on June 26, 2018.
             Was a High Priest of Vehumet.
             Slain by an ufetubus (4 damage)
             ... summoned by a ynoxinul
             ... summoned by an orc high priest
             ... on level 2 of the Orcish Mines.
             The game lasted 01:02:13 (6231 turns).

Lavandula the Thaumaturge (BaEE)                    Turns: 6231, Time: 01:02:13

Health: -3/91      AC:  4    Str: 12    XL:     12   Next: 72%
Magic:  20/28      EV: 18    Int: 24    God:    Vehumet [*****.]
Gold:   376        SH:  0    Dex: 13    Spells: 3/36 levels left

rFire    + . .     SeeInvis .   j - +7 spear (distort)
rCold    + . .     Gourm    .   (no shield)
rNeg     + . .     Faith    .   x - +0 leather armour {rC+}
rPois    .         Spirit   .   (no helmet)
rElec    .         Reflect  .   D - +0 cloak of the Sun {Str+2}
rCorr    .         Harm     .   N - -1 pair of gloves "Kunup" {rN+ Int+4}
MR       .....                  (no boots)
Stlth    ++........             (no amulet)
HPRegen  0.25/turn              y - +4 ring of evasion
MPRegen  0.21/turn              t - ring of protection from fire

@: can't hop, studying Ice Magic, slow
A: +LOS, swims, slowness 1, strong legs 1
a: Hop, Renounce Religion


You were on level 2 of the Orcish Mines.
You worshipped Vehumet.
Vehumet was extremely pleased with you.
You were not hungry.

You visited 4 branches of the dungeon, and saw 16 of its levels.
You also visited: Ice Cave.

You collected 855 gold pieces.
You spent 479 gold pieces at shops.

Inventory:

Hand Weapons
 f - a +0 mace
 j - a +7 spear of distortion (weapon)
 G - a +0 blowgun
Missiles
 b - 8 stones (quivered)
 k - a throwing net
Armour
 c - a +0 robe
 x - a +0 leather armour of cold resistance (worn)
 D - the +0 cloak of the Sun (worn) {Str+2}
   (You found it on level 7 of the Dungeon)

   It affects your strength (+2).
 J - a +1 robe of cold resistance
 N - the -1 pair of gloves "Kunup" (worn) {rN+ Int+4}
   (You found it in an ice cave)

   It affects your intelligence (+4).
   It protects you from negative energy.
Jewellery
 s - an uncursed ring of ice
 t - a ring of protection from fire (right hand)
 y - a +4 ring of evasion (left hand)
 A - a +2 ring of evasion
Wands
 e - a wand of flame (52)
 o - a wand of disintegration (3)
 q - a wand of iceblast (35)
 v - a wand of paralysis (5)
 w - a wand of random effects (53)
 H - a wand of acid (6)
Scrolls
 a - 2 scrolls of teleportation
 g - a scroll of enchant armour
 i - 10 scrolls of remove curse
 n - 2 scrolls of fog
 r - a scroll of immolation {unknown}
 B - a scroll of acquirement {unknown}
 E - 2 scrolls of amnesia {unknown}
 S - a scroll of holy word {unknown}
Potions
 h - 2 potions of heal wounds
 l - 3 potions of agility
 m - 2 potions of flight
 p - 3 potions of might {unknown}
 u - 3 potions of haste
 z - 2 potions of ambrosia
 F - a potion of berserk rage {unknown}
 I - 2 potions of degeneration {unknown}
 L - 3 potions of resistance
 O - a potion of lignification
 P - a potion of mutation
 Q - a potion of magic
Books
 C - a book of Minor Magic

   Spells                             Type                      Level
   a - Magic Dart                     Conjuration                  1
   b - Blink                          Translocation                2
   c - Call Imp                       Summoning                    2
   d - Slow                           Hexes                        2
   e - Conjure Flame                  Conjuration/Fire             3
   f - Mephitic Cloud                 Conjuration/Poison/Air       3
 K - a manual of Ice Magic
 M - a manual of Ice Magic
Comestibles
 d - 17 rations
 R - a chunk of flesh


   Skills:
 - Level 7.3 Fighting
 - Level 5.7 Polearms
 - Level 5.3 Dodging
 - Level 1.7 Stealth
 + Level 12.5 Spellcasting
 - Level 4.8 Translocations
 - Level 1.1 Transmutations
 - Level 11.1 Earth Magic
 - Level 6.0 Poison Magic
 - Level 4.0 Evocations


You had 3 spell levels left.
You knew the following spells:

 Your Spells              Type           Power        Failure   Level  Hunger
a - Sandblast             Erth           ######       1%          1    None
b - Stone Arrow           Conj/Erth      #####.       1%          3    None
c - Lee's Rapid Deconstr  Erth           ######....   1%          5    ###....
d - Petrify               Tmut/Erth      #####...     4%          4    None
e - Blink                 Tloc           N/A          1%          2    None
f - Animate Skeleton      Necr           N/A          5%          1    None
g - Apportation           Tloc           #####.       1%          1    None
h - Mephitic Cloud        Conj/Pois/Air  ###.....     1%          3    None
i - Olgreb's Toxic Radia  Pois           #####...     1%          4    None
j - Conjure Flame         Conj/Fire      ###.....     4%          3    None
k - Iron Shot             Conj/Erth      #####.....   21%         6    #####..


Dungeon Overview and Level Annotations

Branches:
Dungeon (12/15)            Temple (1/1) D:4            Lair (1/6) D:8
    Orc (2/2) D:12            Elf (0/3) Orc:2

Altars:
Ashenzari
Cheibriados
Dithmenos
Elyvilon
Fedhas
Gozag
Hepliaklqana
Kikubaaqudgha
Makhleb
Nemelex Xobeh
Qazlal
Ru
Uskayaw
Vehumet
Wu Jian
Xom
Yredelemnul
Zin
The Shining One
Beogh

Shops:
D:4 %   D:5 [   Orc:2 =*!


Innate Abilities, Weirdness & Mutations

Shadows flee at your approach. (+LOS)
You can swim through water.
You cover ground slowly.
You can hop short distances.


Message History

The orc high priest mumbles some strange prayers to Beogh against you.
Beogh smites you!
* * * LOW HITPOINT WARNING * * *
The sun demon completely misses you.
Unknown command.
Casting: Stone Arrow
Confirm with . or Enter, or press ? or * to list all spells.
You blink.
The orc high priest prays to Beogh.
Casting: Blink
Confirm with . or Enter, or press ? or * to list all spells.
You blink.
The ynoxinul gestures.
The orc high priest says, "Taste sacred energy, fool."
The orc high priest barely misses you. The sun demon hits you!!
* * * LOW HITPOINT WARNING * * *
You are engulfed in flames!
You resist.
* * * LOW HITPOINT WARNING * * *
The ufetubus hits you.
You die...

...............$..##)#########.#
#.#†.#####.......**#.##.._..##.#
###..#.8.#....)### #.#.......#.#
##.#...#....5[.###.#.......#.#
#.#..)#.....35.##.#...#'###.#
#.###'#........#..#...#)..#.#
#..)......5o455)..#8.8#)8.#.#
##.#..).......55§).#.∩.#.[.#.#
#.............@3.(.#####)###.#*
##...............#.....)[(...##
##.###..........###(#.#.[...#.
###*#..##.##....######......#
#...######..## ##..8..∩ ##.##
#### #...(... ### ##.##...
#######


You could see an orc high priest, a sun demon, a ynoxinul, a red devil and 7
ufetubi.

Vanquished Creatures
  An ogre mage (Orc:2)
  5 two-headed ogres
  Pikel (D:7)
  A necromancer (IceCv)
  An ugly thing (D:11)
  An orc sorcerer (Orc:2)
  Joseph (D:7)
  An ice statue (IceCv)
  2 rime drakes (Orc:2)
  9 freezing wraiths (IceCv)
  2 hippogriffs (D:10)
  A water elemental (D:12)
  8 yaks (D:10)
  A wraith (D:11)
  2 death yak simulacra (IceCv)
  2 vampire mosquitoes (D:12)
  2 wargs (Orc:2)
  A sky beast (D:8)
  7 ice beasts
  16 orc warriors
  A black bear (D:8)
  An eye of draining (D:12)
  A necrophage (D:5)
  12 ogres
  A phantom (D:8)
  2 centaurs (D:10)
  A crocodile (D:10)
  A big kobold (D:9)
  6 bullfrogs
  A gnoll sergeant (D:9)
  A wyvern zombie (D:10)
  2 scorpions
  A water moccasin skeleton (D:5)
  7 killer bees
  A swamp dragon simulacrum (IceCv)
  5 wights (D:12)
  3 howler monkeys
  A bullfrog zombie (D:10)
  5 crimson imps
  A centaur zombie (D:7)
  A quasit (D:11)
  6 draconian simulacra (IceCv)
  3 hounds
  17 orc wizards
  A centaur skeleton (D:9)
  11 orc priests
  A gnoll shaman (D:9)
  2 jellies
  5 iguanas
  4 worker ants
  A polar bear simulacrum (IceCv)
  4 troll simulacra (IceCv)
  2 spriggan simulacra (IceCv)
  A centaur simulacrum (IceCv)
  4 hound skeletons
  A howler monkey zombie (D:5)
  A worker ant zombie (D:5)
  10 gnolls
  13 adders
  6 naga simulacra (IceCv)
  An ogre simulacrum (IceCv)
  2 shadow imps (D:5)
  11 white imps (IceCv)
  An adder zombie (D:8)
  An adder skeleton (D:4)
  A worm (D:5)
  A dart slug (D:1)
  5 leopard geckos
  61 orcs
  5 giant cockroaches
  5 goblins
  A hobgoblin (D:3)
  3 jackals
  9 kobolds
  2 quokkas
  A ball python (D:1)
  4 frilled lizards
  A jackal skeleton (D:7)
  A leopard gecko skeleton (D:5)
  4 rats
333 creatures vanquished.

Vanquished Creatures (others)
  An orc knight (Orc:2)
  A freezing wraith (IceCv)
  A yak (D:10)
  A necrophage (D:7)
  An ogre (D:7)
  A crimson imp (D:7)
  An iguana (D:8)
  A worker ant (D:9)
  A white imp (IceCv)
  2 orcs
  A jackal (D:6)
  A quokka (D:5)
13 creatures vanquished.

Grand Total: 346 creatures vanquished

Notes
Turn   | Place    | Note
-------+----------+-------------------------------------------
     0 | D:1      | Lavandula the Barachi Earth Elementalist began the quest for the Orb.
     0 | D:1      | Reached XP level 1. HP: 13/13 MP: 3/3
    83 | D:1      | Reached XP level 2. HP: 19/19 MP: 2/5
   111 | D:1      | Reached skill level 3 in Spellcasting
   209 | D:3      | Found a blossoming altar of Fedhas.
   295 | D:3      | Reached XP level 3. HP: 12/24 MP: 4/8
   369 | D:3      | Found a shadowy altar of Dithmenos.
   408 | D:3      | Learned a level 3 spell: Stone Arrow
   416 | D:3      | Reached skill level 4 in Spellcasting
   451 | D:3      | Reached XP level 4. HP: 14/30 MP: 5/10
   554 | D:4      | Found a shattered altar of Ashenzari.
   559 | D:4      | Noticed an ogre
   563 | D:4      | Killed an ogre
   563 | D:4      | Reached XP level 5. HP: 3/35 MP: 5/11
   585 | D:4      | Found a staircase to the Ecumenical Temple.
   592 | Temple   | Entered the Ecumenical Temple
   635 | Temple   | Became a worshipper of Vehumet
   701 | D:4      | Reached skill level 5 in Earth Magic
   704 | D:4      | Found Reoroud's Food Emporium.
   742 | D:5      | Entered Level 5 of the Dungeon
   812 | D:6      | Noticed a necrophage
   821 | D:5      | Killed a necrophage
   821 | D:5      | Reached XP level 6. HP: 29/41 MP: 6/12
   994 | D:5      | Reached XP level 7. HP: 17/46 MP: 8/13
  1019 | D:5      | Learned a level 5 spell: Lee's Rapid Deconstruction
  1024 | D:5      | Learned a level 4 spell: Petrify
  1097 | D:5      | Reached * piety under Vehumet
  1097 | D:5      | Offered knowledge of Freeze by Vehumet.
  1210 | D:5      | Found Zexij's Antique Armour Emporium.
  1241 | D:5      | Reached skill level 1 in Evocations
  1630 | D:6      | Reached XP level 8. HP: 36/52 MP: 10/14
  1642 | D:6      | Found a snail-covered altar of Cheibriados.
  1925 | D:7      | Reached skill level 1 in Polearms
  1948 | D:7      | Noticed Pikel
  1948 | D:7      | Noticed Joseph
  1975 | D:7      | Found a hide-covered altar of Uskayaw.
  2096 | D:7      | Killed Pikel
  2096 | D:7      | Reached skill level 5 in Polearms
  2096 | D:7      | Reached XP level 9. HP: 54/65 MP: 2/15
  2305 | D:8      | Reached ** piety under Vehumet
  2305 | D:8      | Offered knowledge of Throw Flame by Vehumet.
  2392 | D:7      | Killed Joseph
  2479 | D:7      | Reached skill level 10 in Earth Magic
  2488 | D:7      | Learned a level 1 spell: Apportation
  2555 | D:7      | Got an ancient cloak
  2561 | D:7      | Identified the cursed +0 cloak of the Sun {Str+2} (You found it on level 7 of the Dungeon)
  2591 | D:8      | Learned a level 1 spell: Animate Skeleton
  2802 | D:10     | Entered Level 10 of the Dungeon
  2830 | D:9      | Reached XP level 10. HP: 57/71 MP: 4/16
  2988 | D:9      | Learned a level 2 spell: Blink
  3026 | D:9      | Offered knowledge of Ignite Poison by Vehumet.
  3090 | D:9      | Reached skill level 5 in Spellcasting
  3171 | D:8      | Noticed a two-headed ogre
  3178 | D:8      | Killed a two-headed ogre
  3178 | D:8      | Reached *** piety under Vehumet
  3178 | D:8      | Reached skill level 6 in Spellcasting
  3186 | D:8      | Found a staircase to the Lair.
  3199 | Lair:1   | Entered Level 1 of the Lair of Beasts
  3208 | Lair:1   | Learned a level 3 spell: Mephitic Cloud
  3326 | D:10     | Reached skill level 7 in Spellcasting
  3395 | D:10     | Offered knowledge of Olgreb's Toxic Radiance by Vehumet.
  3401 | D:10     | Learned a level 4 spell: Olgreb's Toxic Radiance
  3478 | D:10     | Reached skill level 1 in Poison Magic
  3514 | D:10     | Reached skill level 5 in Poison Magic
  3572 | D:10     | Reached skill level 8 in Spellcasting
  3572 | D:10     | Reached XP level 11. HP: 32/76 MP: 10/23
  3710 | D:10     | Reached **** piety under Vehumet
  3859 | D:11     | Noticed a brown ugly thing
  3867 | D:11     | Killed a brown ugly thing
  3867 | D:11     | Reached skill level 9 in Spellcasting
  3881 | D:11     | Noticed a two-headed ogre
  3886 | D:11     | Killed a two-headed ogre
  3919 | D:11     | Learned a level 3 spell: Conjure Flame
  4235 | D:12     | Offered knowledge of Airstrike by Vehumet.
  4250 | D:12     | Noticed a two-headed ogre
  4276 | D:12     | Noticed a manticore
  4418 | D:12     | Reached skill level 1 in Translocations
  4482 | D:12     | Killed a two-headed ogre
  4597 | D:12     | Found a staircase to the Orcish Mines.
  4658 | Orc:1    | Entered Level 1 of the Orcish Mines
  4672 | Orc:2    | Entered Level 2 of the Orcish Mines
  4672 | Orc:2    | Found a staircase to the Elven Halls.
  4742 | Orc:2    | Noticed a two-headed ogre
  4762 | Orc:2    | Killed a two-headed ogre
  4780 | Orc:2    | Found a frozen archway.
  4780 | Orc:2    | Noticed an ogre mage
  4780 | Orc:2    | Noticed a two-headed ogre
  4801 | IceCv    | Entered an ice cave
  4830 | IceCv    | Reached ***** piety under Vehumet
  4931 | IceCv    | Reached skill level 5 in Dodging
  4951 | IceCv    | Offered knowledge of Iron Shot by Vehumet.
  4951 | IceCv    | Reached XP level 12. HP: 79/91 MP: 23/25
  5162 | IceCv    | Reached skill level 10 in Spellcasting
  5454 | IceCv    | Got a pair of scorched gloves
  5460 | IceCv    | Identified the -1 pair of gloves "Kunup" {rN+ Int+4} (You found it in an ice cave)
  5472 | IceCv    | Reached skill level 11 in Spellcasting
  5479 | IceCv    | Found an ancient bone altar of Kikubaaqudgha.
  5580 | Orc:2    | Killed a two-headed ogre
  5588 | Orc:2    | Killed an ogre mage
  5606 | Orc:2    | Learned a level 6 spell: Iron Shot
  5657 | Orc:2    | Found a roughly hewn altar of Beogh.
  5680 | Orc:2    | Found Lampo's Jewellery Boutique.
  5802 | Orc:2    | Reached skill level 12 in Spellcasting
  5833 | Orc:2    | Found a roughly hewn altar of Beogh.
  6008 | Orc:2    | Found Zutz's Distillery.
  6025 | Orc:2    | Bought a potion of lignification for 33 gold pieces
  6025 | Orc:2    | Bought a potion of mutation for 88 gold pieces
  6025 | Orc:2    | Bought a potion of agility for 44 gold pieces
  6025 | Orc:2    | Bought a potion of magic for 88 gold pieces
  6025 | Orc:2    | Bought a potion of resistance for 110 gold pieces
  6025 | Orc:2    | Bought a potion of ambrosia for 88 gold pieces
  6033 | Orc:2    | Found a roughly hewn altar of Beogh.
  6085 | Orc:2    | Found Ireskyto's Assorted Antiques.
  6090 | Orc:2    | Bought a scroll labeled TIWATR IPLARU for 28 gold pieces
  6217 | Orc:2    | Noticed an orc high priest
  6220 | Orc:2    | Noticed a sun demon
  6231 | Orc:2    | HP: 1/91 [sun demon[an orc high priest] (9)]
  6231 | Orc:2    | Slain by an ufetubus

Skill      XL: |  1  2  3  4  5  6  7  8  9 10 11 12 |
---------------+-------------------------------------+-----
Spellcasting   | 3 4 8 9 12 | 12.5
Earth Magic    | 4 5 6 7 11 | 11.1
Evocations     | 3 4 |  4.0
Fighting       | 3 7 |  7.3
Polearms       | 5 |  5.7
Poison Magic   | 6 |  6.0
Dodging        | 5 |  5.3
Translocations | 4 |  4.8
Stealth        | |  1.7
Transmutations | |  1.1

Action                   |  1- 3 |  4- 6 |  7- 9 | 10-12 || total
-------------------------+-------+-------+-------+-------++-------
Melee: Mace              |    15 |       |       |       ||    15
       Unarmed           |     3 |       |       |       ||     3
       Spear             |    14 |    12 |   147 |   344 ||   517
Throw: Throwing net      |     1 |       |       |       ||     1
       Stone             |       |     1 |       |       ||     1
 Cast: Sandblast         |    33 |    36 |    64 |   130 ||   263
       Stone Arrow       |       |     3 |    21 |    61 ||    85
       Lee's Rapid Decon |       |       |    16 |    43 ||    59
       Apportation       |       |       |       |    16 ||    16
       Blink             |       |       |       |    11 ||    11
       Conjure Flame     |       |       |       |     6 ||     6
       Petrify           |       |       |       |     2 ||     2
       Olgreb's Toxic Ra |       |       |       |     1 ||     1
 Abil: Hop               |       |     1 |     4 |     9 ||    14
Evoke: Wand              |       |     3 |    13 |    27 ||    43
  Use: Scroll            |       |     8 |     5 |     8 ||    21
       Potion            |       |     1 |       |     1 ||     2
 Stab: Sleeping          |     1 |       |       |     4 ||     5
       Paralysed         |       |       |     3 |       ||     3
       Distracted        |       |       |       |     2 ||     2
       Petrified         |       |       |       |     2 ||     2
  Eat: Chunk             |       |     1 |    10 |    19 ||    30
       Ration            |       |       |     1 |     1 ||     2
Armor: Robe              |     5 |       |     3 |       ||     8
       Leather armour    |       |       |    10 |    15 ||    25
Dodge: Dodged            |    25 |    30 |    73 |   150 ||   278
